 Dungeon Sprint DCSS version 0.30-a0-862-g1aabd4f9c5 (webtiles) character file.

Game seed: 7533849845117367199

743 retardedninja the Cleaver (level 7, -7/76 HPs)
             Began as a Troll Fighter on Mar 9, 2023.
             Was a Follower of Jiyva.
             Mangled by a flayed ghost (23 damage)
             ... in the Dungeon (Sprint VII: "The Pits").
             The game lasted 00:02:59 (656 turns).

retardedninja the Cleaver (Troll Fighter)            Turns: 656, Time: 00:02:59

Health: -7/76      AC:  4    Str: 27    XL:     7   Next: 47%
Magic:  6/6        EV: 10    Int:  4    God:    Jiyva [*.....]
Gold:   0          SH:  9    Dex:  9    Spells: 6/6 levels left

rFire   . . .      SeeInvis .    l - +1 hand axe (heavy)
rCold   . . .      Faith    .    c - +0 kite shield
rNeg    . . .      Spirit   .    b - +0 robe
rPois   .          Reflect  .    (helmet restricted)
rElec   .          Rampage  .    (no cloak)
rCorr   .          NoTele   +    (gloves unavailable)
Will    .....                    (boots unavailable)
Stlth   +                        (no amulet)
HPRegen 1.92/turn                (no ring)
MPRegen 0.35/turn                (no ring)

@: invisible
A: large, unfitting armour, claws 3, regeneration 1, shaggy fur 1, tough skin 1
a: Renounce Religion


You were in the Dungeon.
You worshipped Jiyva.
Jiyva was aware of your devotion.
You visited 1 branch

Inventory:

Hand Weapons
 l - a +1 heavy hand axe (weapon)
Armour
 b - a +0 robe (worn)
 c - a +0 kite shield (worn)
Scrolls
 j - a scroll of blinking
Potions
 e - 6 potions of curing
 f - 2 potions of heal wounds
 h - 4 potions of magic


   Skills:
 + Level 6.6 Fighting
 * Level 9.0 Axes
 + Level 6.6 Dodging
 + Level 7.3 Shields


You had 6 spell levels left.
You didn't know any spells.
Your spell library was empty.

Dungeon Overview and Level Annotations

Branches:
Dungeon (1/1)

Altars:
Ashenzari
Cheibriados
Dithmenos
Elyvilon
Fedhas
Gozag
Hepliaklqana
Kikubaaqudgha
Makhleb
Nemelex Xobeh
Okawaru
Qazlal
Ru
Sif Muna
Trog
Uskayaw
Vehumet
Wu Jian
Xom
Yredelemnul
Zin
The Shining One
Jiyva
Lugonu


Innate Abilities, Weirdness & Mutations

You are too large for most types of armour.
You have claws for hands.
Your natural rate of healing is unusually fast.
You are covered in fur. (AC +1)
You have tough skin. (AC +1)


Message History

You slice the flayed ghost!!
The flayed ghost is moderately damaged.
You hit the fire elemental. You slash the spriggan!
You hear a loud, deep croak!
The spriggan hits you with a +0 dagger! The flayed ghost hits you.
The fire elemental completely misses you.
The flayed ghost hits you! You block the spriggan's attack.
A river rat comes into view.
The orc wizard shouts!
You closely miss the flayed ghost.
The flayed ghost is moderately damaged.
You hit the spriggan but do no damage. You closely miss the fire elemental.
You block the fire elemental's attack. The fire elemental hits you.
The fire elemental burns you! The flayed ghost hits you!!
* * * LOW HITPOINT WARNING * * *
The spriggan barely misses you.
An ice beast comes into view.
You feel much better. The fire elemental closely misses you.
You block the spriggan's attack. The flayed ghost hits you!
* * * LOW HITPOINT WARNING * * *
You feel much better. The fire elemental hits you.
The fire elemental burns you!
You block the deep elf pyromancer's attack.
An orc knight comes into view. It is wielding a +0 great sword.
The smoke demon gestures at you. Something smites you!
* * * LOW HITPOINT WARNING * * *
You block the spriggan's attack.
The flayed ghost hits you but does no damage.
The fire elemental barely misses you.
You slice the flayed ghost!!
The flayed ghost is severely damaged.
You hit the fire elemental. You closely miss the spriggan.
You hit the deep elf pyromancer.
The blink frog gives a loud, deep croak!
The orc knight shouts!
You hear a roar!
You block the fire elemental's attack.
An orc warrior comes into view. It is wielding a +0 glaive.
The spriggan barely misses you. The flayed ghost hits you!!
You die...

##'##................#
)'.##......#..#......#
##.##................+
....'................+
#####......#..#......#
#..##................#
'..#####'#####''######
#[###.......##'E########
...##.......##.i@...'.r'
...##.......##3eW...Y..'
#####...<...##.....##..#
)..##.......##.F.### .
)..##.......##..##
#####.......##''#
#..###########.F.
#.###### #o' #.#....#


You could see a flayed ghost (unable to see you), a deep elf pyromancer (unable
to see you), a smoke demon (unable to see you), 2 blink frogs, a fire elemental
(summoned, unable to see you), an orc warrior (wandering, unable to see you), an
ice beast (wandering, unable to see you), a spriggan and a river rat (wandering,
unable to see you).

Vanquished Creatures
  A deep elf pyromancer (D)
  A wyvern (D)
  A scorpion (D)
  A hound (D)
  3 orc wizards (D)
  2 gnolls (D)
  An adder (D)
  3 orcs (D)
  A ball python (D)
  2 giant cockroaches (D)
  7 jackals (D)
  A kobold (D)
  3 quokkas (D)
27 creatures vanquished.

Vanquished Creatures (others)
  Dissolution (D)
  A tentacled monstrosity (D)
  An acid blob (D)
  A draconian scorcher (D)
  A lindwurm (D)
  An eye of devastation (D)
  A spriggan (D)
  2 floating eyes (D)
  A swamp drake (D)
  2 jellies (D)
  An orc priest (D)
  An orc wizard (D)
  2 endoplasms (D)
  A hobgoblin (D)
  A bat (D)
18 creatures vanquished.

Grand Total: 45 creatures vanquished

Notes
Turn   | Place    | Note
-------+----------+-------------------------------------------
     0 | D        | retardedninja the Troll Fighter began the quest for the
                  | Orb.
     0 | D        | Reached XP level 1. HP: 22/22 MP: 0/0
    37 | D        | Found a bloodstained altar of Trog.
    37 | D        | Found a shimmering blue altar of Sif Muna.
    37 | D        | Found a viscous altar of Jiyva.
    37 | D        | Found a hazy altar of Hepliaklqana.
    37 | D        | Found an opulent altar of Gozag.
    38 | D        | Found a glowing golden altar of the Shining One.
    38 | D        | Found a glowing silver altar of Zin.
    38 | D        | Found a basalt altar of Yredelemnul.
    38 | D        | Found a shimmering altar of Xom.
    38 | D        | Found an ornate altar of the Wu Jian Council.
    38 | D        | Found a sacrificial altar of Ru.
    38 | D        | Found a stormy altar of Qazlal.
    38 | D        | Found an iron altar of Okawaru.
    38 | D        | Found a sparkling altar of Nemelex Xobeh.
    38 | D        | Found a burning altar of Makhleb.
    38 | D        | Found a blossoming altar of Fedhas.
    38 | D        | Found a white marble altar of Elyvilon.
    38 | D        | Found a shadowy altar of Dithmenos.
    38 | D        | Found a snail-covered altar of Cheibriados.
    42 | D        | Found a corrupted altar of Lugonu.
    42 | D        | Found a radiant altar of Vehumet.
    43 | D        | Became a worshipper of Jiyva Juedwyv the Shapeless
    44 | D        | Found a broken altar of Ashenzari.
    44 | D        | Found an ancient bone altar of Kikubaaqudgha.
    44 | D        | Found a hide-covered altar of Uskayaw.
    46 | D        | Killed an orc priest
    49 | D        | Killed an orc wizard
    50 | D        | Killed a red draconian scorcher
    51 | D        | Killed a tentacled monstrosity
    54 | D        | Killed an acid blob
    54 | D        | Killed Dissolution
    61 | D        | Killed a floating eye
    67 | D        | Killed a lindwurm
    73 | D        | Killed a spriggan
    85 | D        | Killed a floating eye
    93 | D        | Reached skill level 2 in Axes
   121 | D        | Killed an eye of devastation
   234 | D        | Reached XP level 2. HP: 29/29 MP: 1/1
   237 | D        | Noticed a scorpion
   247 | D        | Killed a scorpion
   248 | D        | Reached skill level 4 in Axes
   248 | D        | Reached XP level 3. HP: 39/39 MP: 2/2
   248 | D        | Reached XP level 4. HP: 48/48 MP: 3/3
   353 | D        | Reached skill level 5 in Axes
   356 | D        | Reached XP level 5. HP: 44/55 MP: 4/4
   371 | D        | Reached skill level 5 in Shields
   376 | D        | Reached skill level 6 in Axes
   504 | D        | Noticed a wyvern
   508 | D        | Killed a wyvern
   509 | D        | Reached skill level 5 in Fighting
   509 | D        | Reached skill level 7 in Axes
   509 | D        | Reached skill level 5 in Dodging
   509 | D        | Reached XP level 6. HP: 50/66 MP: 5/5
   552 | D        | Noticed a deep elf pyromancer
   552 | D        | Noticed a swamp drake
   564 | D        | Killed a swamp drake
   566 | D        | Killed a deep elf pyromancer
   567 | D        | Reached skill level 9 in Axes
   567 | D        | Reached XP level 7. HP: 38/76 MP: 6/6
   641 | D        | Reached * piety under Jiyva
   647 | D        | Noticed a deep elf pyromancer
   647 | D        | Noticed a flayed ghost
   647 | D        | Noticed a spriggan
   648 | D        | Noticed a fire elemental
   648 | D        | Noticed a smoke demon
   648 | D        | Noticed a blink frog
   650 | D        | Noticed a blink frog
   650 | D        | Noticed an orange demon
   653 | D        | HP: 1/76 [flayed ghost (25)]
   655 | D        | Noticed an orc knight
   656 | D        | Mangled by a flayed ghost

Illustrated notes

Levels and vault maps discovered:
D:        pitsprint [storerooms_1, entrance_room_1, metal_vault_4, armoury_3,
          mini_pit_1, grid_room_1, main_hall_1, silver_pit, the_coven_2,
          the_vestibule_1, steel_vault_2, golden_pit, hallway_of_sentries,
          crystal_vault_2, iron_vault_2, final_vault]

Skill      XL: |  1  2  3  4  5  6 |
---------------+-------------------+-----
Axes           | 2 4 5 7 9 |  9.0
Shields        | 3 4 6 7 |  7.3
Fighting       | 3 4 5 6 |  6.6
Dodging        | 3 4 5 6 |  6.6

Action                     |  1- 3 |  4- 6 |  7- 9 || total
---------------------------+-------+-------+-------++-------
  Melee: War axe           |    23 |     8 |       ||    31
         Hand axe          |       |    44 |     3 ||    47
    Use: Potion            |     1 |     7 |     3 ||    11
   Stab: Invisible         |       |     1 |       ||     1
 Armour: Robe              |     8 |    17 |     4 ||    29
  Dodge: Dodged            |     9 |    25 |     5 ||    39
  Block: Kite shield       |     2 |    24 |     7 ||    33

Table legend: (Time is in decaauts)
 A = Elapsed time spent in this place.
 B = Non-inter-level travel time spent in this place.
 C = Inter-level travel time spent in this place.
 D = Time resting spent in this place.
 E = Time spent auto-exploring this place.
 F = Levels seen in this place.
 G = Mean time per level.
                   A        B        C        D        E       F      G
               +--------+--------+--------+--------+--------+-----+--------+
         Total |    706 |    704 |      2 |    320 |      0 |   1 |  706.0 |
       Dungeon |    706 |    704 |      2 |    320 |      0 |   1 |  706.0 |
               +--------+--------+--------+--------+--------+-----+--------+

Top non-repeatable levels by time:
       D: 706 daAuts
